 Dungeon Crawl Stone Soup version 0.14-b1-49-gc72db44 (webtiles) character file.

2310 Iskender the Conjurer (level 8, -2/34 HPs)
             Began as a Felid Chaos Knight on Apr 9, 2014.
             Was a Priest of Vehumet.
             Slain by a minotaur
             ... wielding a +2,+3 scimitar of flaming
              (36 damage)
             ... in a labyrinth.
             The game lasted 01:49:57 (15054 turns).

Iskender the Conjurer (Felid Chaos Knight)         Turns: 15054, Time: 01:49:57

HP  -2/34        AC  2     Str  8      XL: 8   Next: 79%
MP  20/20        EV 23     Int 19      God: Vehumet [***...]
Gold 549         SH  0     Dex 16      Spells:  3 memorised,  7 levels left
Lives: 0, deaths: 3

rFire  . . .     SeeInvis +       - Unarmed
rCold  . . .     Clarity  +     (armour unavailable)
rNeg   . . .     Conserve .     (shield unavailable)
rPois  .         rCorr    .     (helmet unavailable)
rElec  .         rRot     .     (cloak unavailable)
SustAb . .       Spirit   .     (gloves unavailable)
rMut   .         Warding  .     (boots unavailable)
Saprov . . .     Stasis   .     r - amulet of clarity
MR     +....                    g - +2 ring of intelligence
                                E - +3,+5 ring of slaying

@: quick, somewhat resistant to hostile enchantments, extremely stealthy
A: paw claws, no armour, no weapons or thrown items, fangs 3, see invisible,
carnivore 3, speed 1, shaggy fur 2, slow metabolism 1, jump 2
a: Jump Attack, Renounce Religion


You were in a labyrinth.
You worshipped Vehumet.
Vehumet was most pleased with you.
You were not hungry.

You visited 2 branches of the dungeon, and saw 12 of its levels.
You also visited: Labyrinth.

You collected 563 gold pieces.
You spent 14 gold pieces at shops.

Inventory:

Magical devices
 t - a wand of digging (13)
 B - a wand of draining (4)
Comestibles
 c - 4 meat rations
 k - 2 beef jerkies
 m - 9 cheeses
 o - a sausage
 s - a royal jelly
Scrolls
 d - 8 scrolls of remove curse
 f - a scroll of recharging
 l - 4 scrolls of magic mapping
 p - 2 scrolls of teleportation
 q - a scroll of enchant weapon II {unknown}
 w - a scroll of blinking
Jewellery
 g - a +2 ring of intelligence (right paw)
 h - a +3 ring of strength
 n - an uncursed ring of sustenance
 r - an amulet of clarity (around neck)
 D - an uncursed ring of protection from cold
 E - a +3,+5 ring of slaying (left paw)
 G - an uncursed ring of fire
Potions
 a - a potion of paralysis {unknown}
 b - 3 potions of curing
 e - 2 potions of degeneration {unknown}
 j - a potion of lignification {unknown}
Miscellaneous
 u - a stone of tremors (inert)


   Skills:
 - Level 3.0 Fighting
 - Level 8.5 Dodging
 - Level 9.3 Stealth
 - Level 8.1 Unarmed Combat
 - Level 3.5 Spellcasting
 + Level 10.2 Conjurations
 - Level 1.3 Air Magic


You had 7 spell levels left.
You knew the following spells:

 Your Spells              Type           Power        Failure   Level  Hunger
c - Iskenderun's Mystic   Conj           #####...     1%          4    ####...
x - Searing Ray           Conj           #####.       1%          2    ##.....
z - Shock                 Conj/Air       ####         1%          1    None


Dungeon Overview and Level Annotations

Branches:
Dungeon (11/15)            Temple (1/1) D:6
    Orc: D:9-12        Lair: D:8-11

Altars:
Cheibriados
Dithmenos
Trog
Vehumet
Zin

Shops:
D:7 *

Annotations:
D:2 Ijyb
D:4 Sigmund
D:5 Natasha
D:6 exclusion: giant spore, Dowan, Duvessa
D:7 exp potion


Innate Abilities, Weirdness & Mutations

You cannot wear armour.
You are incapable of wielding weapons or throwing items.
Your paws have sharp claws.
You have razor-sharp teeth.
You have supernaturally acute eyesight.
You are carnivorous and can eat meat at any time.
You cover ground quickly.
You are covered in thick fur (AC +2).
You have a slow metabolism.
You can jump attack at a medium distance.


Message History

The searing ray hits the minotaur.
The minotaur is lightly wounded.
The searing ray hits the minotaur.
The minotaur is lightly wounded.
The searing ray hits the minotaur.
The minotaur is lightly wounded.
The searing ray hits the minotaur.
The minotaur is moderately wounded.
The minotaur hits you with a +2,+3 scimitar of flaming!
Ouch! That really hurt!
* * * LOW HITPOINT WARNING * * *
The minotaur burns you!
You die...
The minotaur misses you.
You are now level 8!
You rejoin the land of the living...
The minotaur hits you with a +2,+3 scimitar of flaming!
Ouch! That really hurt!
You die...
Xom snickers!

### ### . .# ..# ## #
#. ###.## .. #.# #.#.
.# #.###.#.### ## ..
...#.#.#.# .#
##.#.........#####.#
#...######%H..#...# #
#.#<.....@#.#.#######
#..
######..#.........#
###. %...############
#.. ..#.....#
###.###.#. # #. #.#.#
.. #.###.### # . #..
### ##


You could see a minotaur.

Vanquished Creatures
  2 hill giants
  A gargoyle (D:10)
  A troll (D:10)
  A minotaur skeleton (Lab)
  2 trapdoor spiders (Lab)
  A yak (D:7)
  A shadow (Lab)
  Eustachio (D:6)
  A wyvern (D:10)
  A human (D:7)
  A water moccasin (D:6)
  Edmund (D:7)
  A hungry ghost (Lab)
  6 ice beasts
  2 ogres
  2 centaurs
  2 sky beasts (D:5)
  3 big kobolds
  A crocodile (D:9)
  A gnoll sergeant (D:10)
  6 giant frogs
  3 scorpions
  A hippogriff zombie (D:10)
  A killer bee (D:10)
  5 wights (D:9)
  4 goliath beetles
  An orc priest (D:6)
  6 crimson imps
  2 quasits
  7 hounds
  7 orc wizards
  An elf zombie (D:10)
  6 jellies
  6 worker ants
  4 iguanas
  3 sheep (D:7)
  A big kobold skeleton (D:10)
  A crocodile zombie (D:8)
  An ogre skeleton (D:10)
  20 adders
  A giant mite (D:6)
  8 gnolls
  A shadow imp (D:7)
  3 worms
  3 ufetubi
  An adder zombie (D:5)
  A giant eyeball (D:6)
  4 giant geckos
  2 oozes
  25 orcs
  13 bats
  6 giant cockroaches
  15 hobgoblins
  3 quokkas
  4 ball pythons
  9 giant newts
  A giant spore (D:9)
  5 goblins
  A goblin skeleton (D:5)
  7 jackals
  33 kobolds
  2 kobold zombies (D:5)
  An orc skeleton (D:5)
  17 rats
  2 ballistomycetes (D:9)
  A plant (D:4)
287 creatures vanquished.

Vanquished Creatures (collateral kills)
  A water moccasin (D:5)
1 creature vanquished.

Vanquished Creatures (others)
  A quasit (D:4)
1 creature vanquished.

Grand Total: 289 creatures vanquished

Notes
Turn   | Place    | Note
--------------------------------------------------------------
     0 | D:1      | Iskender, the Felid Chaos Knight, began the quest for the Orb.
     0 | D:1      | Reached XP level 1. HP: 10/10 MP: 2/2
    16 | D:1      | Reached skill level 1 in Stealth
   284 | D:1      | XOM: silly message
   343 | D:1      | Reached XP level 2. HP: 14/14 MP: 3/3
   375 | D:1      | XOM: harmless Pois miscast
   522 | D:1      | XOM: divination: detect items
   927 | D:1      | XOM: harmless Summ miscast
  1169 | D:2      | XOM: potion effect (invisibility)
  1208 | D:2      | Reached XP level 3. HP: 17/17 MP: 5/5
  1340 | D:2      | XOM: harmless Conj miscast
  1512 | D:2      | Reached skill level 4 in Unarmed Combat
  1575 | D:2      | Reached XP level 4. HP: 4/21 MP: 7/7
  1796 | D:2      | Noticed Ijyb
  1888 | D:2      | XOM: harmless Conj miscast
  2072 | D:2      | Reached skill level 5 in Unarmed Combat
  2524 | D:2      | XOM: harmless Conj miscast
  2595 | D:2      | XOM is BORED!
  2595 | D:2      | XOM: medium Summ miscast
  2890 | D:3      | Reached XP level 5. HP: 12/24 MP: 8/8
  3374 | D:3      | XOM: harmless Chrm miscast
  3612 | D:3      | XOM: harmless Trmt miscast
  3692 | D:4      | Noticed a phantom
  3694 | D:4      | Noticed Sigmund
  3703 | D:3      | XOM: summons friendly quasit
  3999 | D:4      | XOM: harmless Chrm miscast
  4002 | D:4      | XOM: colour smoke trail
  4132 | D:4      | Reached skill level 5 in Stealth
  4243 | D:4      | XOM: harmless Tloc miscast
  4303 | D:4      | XOM is BORED!
  4303 | D:4      | XOM: noise
  4309 | D:4      | XOM: summons friendly quasit
  4347 | D:4      | XOM: chaos upgrade
  4493 | D:3      | XOM: mild Divn miscast
  4525 | D:3      | XOM: harmless Tloc miscast
  4675 | D:5      | Entered Level 5 of the Dungeon
  4703 | D:5      | Found a shadowy altar of Dithmenos.
  4850 | D:5      | Found a glowing silver altar of Zin.
  4887 | D:5      | Gained mutation: You are covered in thick fur (AC +2). [growing up]
  4887 | D:5      | Gained mutation: You can jump attack at a medium distance. [growing up]
  4887 | D:5      | Reached XP level 6. HP: 19/28 MP: 10/10
  4889 | D:5      | XOM: mild Hex miscast
  5150 | D:5      | XOM: silly message
  5166 | D:5      | Noticed Natasha
  5167 | D:5      | Noticed a sky beast
  5181 | D:5      | XOM: divination: detect items
  5217 | D:5      | XOM: harmless Trmt miscast
  5350 | D:4      | XOM: vitrification
  5407 | D:5      | XOM: confuse monster(s)
  5418 | D:5      | Killed a sky beast
  5437 | D:5      | Reached skill level 6 in Unarmed Combat
  5576 | D:5      | Noticed an ice beast
  5582 | D:5      | Reached XP level 7. HP: 28/31 MP: 12/12
  5605 | D:5      | Killed an ice beast
  5635 | D:5      | Noticed a water moccasin
  5836 | D:4      | XOM: summons 4 friendly demons
  6010 | D:4      | XOM: severe Hex miscast
  6036 | D:4      | Reached skill level 7 in Unarmed Combat
  6090 | D:5      | XOM: mild Necr miscast
  6163 | D:5      | XOM: summons 3 hostile demons
  6350 | D:5      | XOM: colour smoke trail
  6592 | D:6      | XOM: noise
  6595 | D:6      | Reached skill level 5 in Dodging
  6764 | D:5      | Slain by an ice beast
  6765 | D:5      | Reached XP level 6. HP: 0/28 MP: 10/10
  6789 | D:5      | Reached XP level 7. HP: 25/31 MP: 12/12
  6800 | D:5      | HP: 1/31 [acid (5)]
  7078 | D:5      | XOM: summons friendly quasit
  7089 | D:5      | Killed a water moccasin
  7159 | D:5      | XOM: noise
  7459 | D:6      | Found a staircase to the Ecumenical Temple.
  7464 | D:6      | Reached skill level 8 in Unarmed Combat
  7478 | Temple   | Entered the Ecumenical Temple
  7485 | Temple   | Fell from the grace of Xom
  7485 | Temple   | Became a worshipper of Vehumet
  7617 | D:6      | Noticed Eustachio
  7955 | D:6      | Killed Eustachio
  7955 | D:6      | Reached XP level 8. HP: 34/34 MP: 13/13
  8035 | D:6      | Reached skill level 1 in Spellcasting
  8493 | D:6      | Reached skill level 9 in Stealth
  8562 | D:6      | Noticed Dowan
  8679 | D:7      | Acquired Vehumet's first power
  8679 | D:7      | Offered knowledge of Shock by Vehumet.
  8682 | D:7      | Learned a level 1 spell: Shock
  8704 | D:7      | XOM: stat loss: -2 Str (9/11)
  8755 | D:7      | Reached skill level 1 in Conjurations
  9031 | D:7      | Reached XP level 9. HP: 7/37 MP: 10/17
  9199 | D:6      | Noticed Duvessa
  9418 | D:6      | Reached skill level 1 in Air Magic
  9625 | D:7      | Noticed Edmund
  9652 | D:7      | XOM: chaos upgrade
  9662 | D:7      | Killed Edmund
  9697 | D:7      | Reached skill level 5 in Conjurations
  9984 | D:7      | Offered knowledge of Sandblast by Vehumet.
 10011 | D:7      | Found Otiocric's General Store.
 10018 | D:7      | Bought a potion of poison for 14 gold pieces
 11280 | D:9      | Offered knowledge of Searing Ray by Vehumet.
 11289 | D:9      | Learned a level 2 spell: Searing Ray
 11763 | D:9      | Noticed a moth of wrath
 11769 | D:9      | Found a bloodstained altar of Trog.
 11774 | D:9      | Acquired Vehumet's second power
 11837 | D:9      | Noticed a hill giant
 11936 | D:9      | XOM: enchant monster (bad)
 11953 | D:9      | Killed a hill giant
 11953 | D:9      | Reached XP level 10. HP: 26/42 MP: 4/19
 12270 | D:10     | Entered Level 10 of the Dungeon
 12284 | D:10     | Noticed a hill giant
 12322 | D:10     | XOM: enchant monster (bad)
 12503 | D:10     | Killed a hill giant
 12822 | D:10     | Offered knowledge of Iskenderun's Mystic Blast by Vehumet.
 12844 | D:10     | Learned a level 4 spell: Iskenderun's Mystic Blast
 13105 | D:10     | XOM: mild Fire miscast
 13328 | D:10     | XOM: mild Chrm miscast
 13445 | D:10     | XOM: harmless Ice miscast
 13612 | D:11     | Found a labyrinth entrance.
 13625 | Lab      | Entered a labyrinth
 13803 | Lab      | XOM: silly message
 14026 | Lab      | Reached skill level 10 in Conjurations
 14036 | Lab      | Acquired Vehumet's third power
 14487 | Lab      | XOM: harmless Pois miscast
 14594 | Lab      | Noticed a minotaur
 14642 | Lab      | XOM: silly message
 14646 | Lab      | HP: 3/63 [minotaur/scimitar of flaming (13)]
 14646 | Lab      | Slain by a minotaur
 14647 | Lab      | Reached XP level 9. HP: -1/55 MP: 15/21
 14932 | Lab      | XOM: silly message
 15049 | Lab      | Mangled by a minotaur
 15050 | Lab      | Reached XP level 8. HP: -8/34 MP: 14/20
 15054 | Lab      | Slain by a minotaur

Action                   |  1- 3 |  4- 6 |  7- 9 | 10-12 || total
-------------------------+-------+-------+-------+-------++-------
Melee: Unarmed           |    98 |   269 |   398 |    54 ||   819
 Cast: Shock             |       |       |   179 |    72 ||   251
       Searing Ray       |       |       |    12 |    28 ||    40
       Iskenderun's Myst |       |       |     5 |    15 ||    20
 Abil: Jump Attack       |       |     4 |     5 |       ||     9
Evoke: Wand              |       |    10 |     9 |       ||    19
       Stone of tremors  |       |       |       |     1 ||     1
  Use: Scroll            |       |     5 |     7 |     3 ||    15
       Potion            |       |       |     5 |     1 ||     6
 Stab: Sleeping          |     7 |     8 |    17 |     4 ||    36
       Invisible         |     2 |       |       |       ||     2
       Distracted        |       |     3 |     3 |       ||     6
       Confused          |       |     3 |       |       ||     3
